Map: Ruins of Endion

Players

Haste

  • Race: Terran Terran
  • League: Master

Pokebunny - Winner!

  • Race: Terran Terran
  • League: Grandmaster

VOD

Have the link to the VOD?

Description

Time

  • Played on: April 5, 2016, 10:44 p.m.
  • Length: 8:40
Show
View Real Time Build Order
Export as new Build Order

Haste Terran 

Build Orders: Reaper Expand 

Get SALT Encoding   

  12  0:00  SCV  
  13  0:12  SCV  
  14  0:18  Supply Depot  
  14  0:24  SCV  
  15  0:39  SCV  
  15  0:41  Barracks  
  16  0:45  Refinery  
  16  0:51  SCV  
  17  1:03  SCV  
  18  1:16  SCV  
  19  1:30  Reaper, Orbital Command  
  20  1:50  Command Center  
  20  1:57  SCV  
  20  2:01  Supply Depot  
  21  2:04  Marine  
  22  2:10  Factory  
  22  2:13  Refinery  
  22  2:14  SCV  
  22  2:31  Barracks Reactor  
  22  2:38  SCV  
  23  2:50  SCV  
  24  2:54  Starport  
  24  2:56  Factory Tech Lab  
  24  3:02  SCV  
  24  3:04  Orbital Command  
  25  3:08  Marine x2  
  27  3:14  SCV  
  27  3:19  Siege Tank  
  31  3:23  Orbital Command  
  31  3:26  SCV  
  32  3:38  Medivac  
  34  3:41  Supply Depot, SCV  
  34  3:44  Barracks  
  34  3:46  Barracks  
  35  3:53  SCV  
  36  3:59  Marine x2  
  36  4:00  Siege Tank  
  41  4:03  SCV  
  41  4:05  SCV  
  43  4:15  SCV  
  44  4:17  SCV  
  44  4:18  Marine  
  44  4:22  Medivac  
  48  4:28  SCV  
  48  4:29  SCV  
  46  4:41  SCV  
  46  4:42  SCV  
  48  4:48  Marine x2  
  48  4:50  Barracks Reactor, Barracks Tech Lab  
  50  4:53  SCV  
  50  4:54  SCV  
  52  5:05  SCV  
  52  5:06  Marine, SCV  
  54  5:08  Marine  
  49  5:24  Marine x2, SCV x2  
  49  5:26  Marine  
  49  5:28  Stimpack  
  53  5:30  Supply Depot  
  53  5:31  Supply Depot  
  53  5:34  Siege Tank  
  56  5:37  Refinery  
  56  5:38  Refinery, Command Center  
  56  5:48  SCV x2  
  58  5:53  Marine x4  
  58  5:54  Marine  
  63  5:58  Starport Reactor  
  63  6:04  Barracks  
  63  6:05  Barracks, SCV  
  64  6:12  Siege Tank  
  64  6:16  Marine x3  
  53  6:49  Command Center  
  53  6:51  Barracks x2  
  53  6:52  Marine x5  
  53  6:54  Medivac  
  60  7:02  SCV x2  
  62  7:12  Engineering Bay  
  62  7:21  Marine x5, Supply Depot  
  62  7:22  SCV x2  
  69  7:39  SCV  
  69  7:42  Marine, Barracks Reactor x2, Supply Depot  
  69  7:43  SCV  
  72  7:48  Marine x4  
  75  8:02  Marine  
  75  8:03  Orbital Command  
  75  8:05  SCV  
  77  8:06  Marine x4  
  81  8:14  Starport Reactor  
  81  8:20  Marine  
  81  8:21  Marine x2  
  81  8:22  Marine x2  
Show
View Real Time Build Order
Export as new Build Order

Pokebunny Terran - Winner!

Build Orders: Reaper Expand, MMM Bio 

Get SALT Encoding   

  12  0:01  SCV  
  13  0:13  SCV  
  14  0:17  Supply Depot  
  14  0:25  SCV  
  15  0:39  Barracks, SCV  
  16  0:46  Refinery  
  16  0:51  SCV  
  17  1:03  SCV  
  18  1:15  SCV  
  19  1:28  Orbital Command  
  19  1:29  Reaper  
  20  1:40  Command Center  
  20  1:51  Supply Depot  
  20  1:54  SCV  
  20  2:01  Marine  
  22  2:06  SCV  
  23  2:14  Factory  
  23  2:15  Refinery  
  23  2:18  Marine  
  23  2:20  SCV  
  25  2:33  SCV  
  25  2:36  Marine  
  27  2:47  SCV  
  28  2:53  Orbital Command  
  28  2:55  Marine  
  29  2:59  Hellion, Starport, SCV  
  32  3:14  Barracks, Barracks Reactor  
  32  3:17  Barracks  
  32  3:19  Widow Mine  
  32  3:20  SCV  
  32  3:22  SCV  
  36  3:31  Supply Depot  
  36  3:33  SCV  
  37  3:34  SCV  
  37  3:36  Medivac  
  40  3:43  Refinery  
  40  3:49  Factory Tech Lab  
  40  3:53  Marine x2  
  42  4:01  Barracks Tech Lab  
  41  4:03  SCV x2  
  41  4:08  Barracks Reactor, Siege Tank  
  46  4:11  Marine x2  
  46  4:16  Supply Depot  
  48  4:18  SCV x2  
  48  4:19  Marine  
  48  4:21  Stimpack  
  48  4:22  Starport Reactor  
  51  4:41  Marine x2  
  51  4:42  Marine  
  51  4:44  Siege Tank, SCV x2  
  58  4:49  Supply Depot  
  58  4:52  Marine x2  
  56  4:59  Marine x2, SCV x2  
  62  5:10  Marine  
  62  5:12  Marine x2  
  63  5:17  Marine  
  60  5:25  SCV x2  
  60  5:27  Medivac x2  
  66  5:30  Siege Tank, Supply Depot  
  66  5:32  Marine  
  70  5:39  Supply Depot  
  70  5:41  Supply Depot  
  70  5:51  Engineering Bay, Marine x2, SCV x2  
  74  6:04  Marine  
  74  6:05  Siege Tank, Marine x2, Medivac  
  74  6:06  Medivac  
  74  6:09  Marine  
  74  6:10  SCV  
  74  6:11  SCV  
  83  6:27  Marine x2  
  83  6:28  Combat Shields, Marine x2  
  83  6:32  Command Center  
  85  6:47  Siege Tank  
  85  6:52  Medivac x2  
  89  6:55  Marine x5  
  89  7:00  SCV x2  
  93  7:07  Refinery  
  93  7:12  SCV  
  94  7:20  Missile Turret  
  94  7:23  Missile Turret  
  94  7:27  Missile Turret  
  94  7:43  Supply Depot  
  94  7:44  Viking x2, Marine x3, SCV x2  
  103  7:47  Supply Depot  
  103  8:01  Siege Tank, Marine  
  103  8:02  Marine x3  
  103  8:04  Marine  
  110  8:08  Supply Depot  
  110  8:09  Orbital Command  
  110  8:19  Marine x2  
  111  8:20  Marine  
  111  8:22  SCV x2  
Tags
 
Add a new tag
Caveats
  • Supply blocks, unpowered buildings, or Contaminate may cause inaccurate times.
  • Supply counts are checked every 10 seconds.